 Dungeon Crawl Stone Soup version 0.21.1-1-g345015f (webtiles) character file.

1127 tidbits the Chiller (level 8, 0/58 HPs)
             Began as a Gnoll Ice Elementalist on Apr 3, 2018.
             Was a Believer of Cheibriados.
             Slain by a water moccasin (8 damage)
             ... on level 6 of the Dungeon.
             The game lasted 00:15:18 (1668 turns).

tidbits the Chiller (Gnoll Ice Elementalist)        Turns: 1668, Time: 00:15:18

Health: 0/58       AC:  2    Str: 14    XL:     8   Next: 35%
Magic:  6/17       EV: 17    Int: 24    God:    Cheibriados [**....]
Gold:   212        SH:  0    Dex: 20    Spells: 8/19 levels left

rFire    . . .     SeeInvis .   a - +1 dagger (venom)
rCold    . . .     Gourm    .   (no shield)
rNeg     . . .     Faith    .   B - +0 robe
rPois    .         Spirit   .   (no helmet)
rElec    .         Reflect  .   (no cloak)
rCorr    .         Harm     .   (no gloves)
MR       .....                  (no boots)
Stlth    +++.......             R - amulet of regeneration
HPRegen  0.59/turn              V - +1 ring of evasion
MPRegen  0.15/turn              (no ring)

@: lethally poisoned (0 -> -1), very slow
A: distributed training, fangs 1, strong nose
a: Bend Time, Renounce Religion


You were on level 6 of the Dungeon.
You worshipped Cheibriados.
Cheibriados was pleased with you.
You were not hungry.

You visited 2 branches of the dungeon, and saw 8 of its levels.

You collected 212 gold pieces.

Inventory:

Hand Weapons
 a - a +1 dagger of venom (weapon)
   (You took it off an orc wizard on level 4 of the Dungeon)
 j - a +0 short sword
 k - a +0 hand axe
 m - a +0 scythe
 n - a +0 trident
 o - a +0 flail
 w - a +0 dagger
 A - a +0 rapier
 D - a +2 flail of holy wrath
   (You took it off Edmund on level 5 of the Dungeon)
 G - a cursed +0 quarterstaff
 O - a +1 dagger of venom
   (You found it on level 2 of the Dungeon)
 P - a +0 shortbow
Missiles
 d - 39 arrows
 e - 9 sling bullets
 g - 7 poisoned needles
 h - 22 bolts
 i - 4 steel tomahawks (quivered)
 u - 53 stones
Armour
 s - a +0 ring mail
 B - a +0 robe (worn)
 K - a +0 shield
Jewellery
 R - an amulet of regeneration (around neck)
   (You found it on level 6 of the Dungeon)
 V - a +1 ring of evasion (left hand)
   (You found it on level 6 of the Dungeon)
Wands
 x - a wand of scattershot (6)
 C - a wand of clouds (5)
 F - a wand of iceblast (9)
Scrolls
 f - 4 scrolls of teleportation {unknown}
 l - a scroll of fear
 q - 2 scrolls of blinking {unknown}
 r - 2 scrolls of remove curse
 t - a scroll of noise
 y - a scroll of immolation
 J - 2 scrolls of amnesia {unknown}
 L - a scroll of identify
 M - a scroll of enchant weapon {unknown}
Potions
 p - a potion of curing {unknown}
 v - 3 potions of flight {unknown}
 z - a potion of haste {unknown}
 H - a potion of brilliance {unknown}
 I - a potion of invisibility {unknown}
 N - a potion of magic {unknown}
Books
 b - a book of Frost

   Spells                             Type                      Level
   a - Freeze                         Ice                          1
   b - Throw Frost                    Conjuration/Ice              2
   c - Ozocubu's Armour               Charms/Ice                   3
   d - Throw Icicle                   Conjuration/Ice              4
   e - Summon Ice Beast               Ice/Summoning                4
 E - a book of Cantrips
   (You found it on level 4 of the Dungeon)

   Spells                             Type                      Level
   a - Confusing Touch                Hexes                        1
   b - Animate Skeleton               Necromancy                   1
   c - Summon Small Mammal            Summoning                    1
   d - Apportation                    Translocation                1
Comestibles
 c - 7 rations
 Q - 2 chunks of flesh


   Skills:
 + Level 3.1 Fighting
 + Level 3.1 Short Blades
 + Level 3.1 Long Blades
 + Level 3.1 Axes
 + Level 3.1 Maces & Flails
 + Level 3.1 Polearms
 + Level 3.1 Staves
 + Level 3.1 Slings
 + Level 3.1 Bows
 + Level 3.1 Crossbows
 + Level 3.1 Throwing
 + Level 3.1 Armour
 + Level 5.6 Dodging
 + Level 5.3 Stealth
 + Level 3.1 Shields
 + Level 3.1 Unarmed Combat
 + Level 6.0 Spellcasting
 + Level 3.4 Conjurations
 + Level 2.5 Hexes
 + Level 2.5 Charms
 + Level 2.5 Summonings
 + Level 2.5 Necromancy
 + Level 2.5 Translocations
 + Level 2.5 Transmutations
 + Level 2.5 Fire Magic
 + Level 6.1 Ice Magic
 + Level 2.5 Air Magic
 + Level 2.5 Earth Magic
 + Level 2.5 Poison Magic
 + Level 3.4 Invocations
 + Level 3.1 Evocations


You had 8 spell levels left.
You knew the following spells:

 Your Spells              Type           Power        Failure   Level  Hunger
a - Freeze                Ice            ####         1%          1    None
j - Throw Frost           Conj/Ice       ####..       1%          2    None
o - Ozocubu's Armour      Chrm/Ice       ####....     4%          3    #......
x - Summon Ice Beast      Ice/Summ       ####....     13%         4    ###....
A - Apportation           Tloc           ###...       2%          1    None


Dungeon Overview and Level Annotations

Branches:
Dungeon (7/15)             Temple (1/1) D:4

Altars:
Ashenzari
Cheibriados
Dithmenos
Elyvilon
Fedhas
Gozag
Kikubaaqudgha
Makhleb
Nemelex Xobeh
Qazlal
Ru
Trog
Vehumet
Wu Jian
Yredelemnul
Zin

Annotations:
D:4 Duvessa; Lucio's ghost, amateur DrFE


Innate Abilities, Weirdness & Mutations

Your experience applies equally to all skills.
You have very sharp teeth.
Your uncanny sense of smell can sniff out nearby items.


Message History

You are more poisoned.
The scorpion poisons you!
You closely miss the scorpion.
The scorpion is moderately wounded.
You feel sick.
Your ice beast closely misses the scorpion.
The scorpion stings you but does no damage.
You hit the scorpion but do no damage.
The scorpion is moderately wounded.
You feel sick.
Your ice beast hits the scorpion.
Your ice beast freezes the scorpion.
The scorpion dies!
Cheibriados appreciates the change of pace.
You feel sick.
You climb downwards.
Your summoned ally is left behind.
You hear the roar of battle.
There is an entrance to a bailey on this level.
Hurry and find it before the portal closes forever!
You feel sick.
You hear a distant blaring wail to the south.
The howler monkey hoots and howls with incredible vigour!
You hear an angry hiss.
You hear a shout! x3; You hear a screech!
You hear a bark!
You hear a shout! x5
There is a stone staircase leading up here.
You feel sick. The howler monkey barely misses you.
The orc completely misses you. The howler monkey misses you.
You climb upwards.
Your icy armour starts to melt.
You feel sick.
Your ice beast disappears in a puff of smoke!
There is a stone staircase leading down here.
Unknown command.
Casting: Summon Ice Beast
Confirm with . or Enter, or press ? or * to list all spells.
A chill wind blows around you.
You feel sick. The howler monkey closely misses you.
You closely miss the howler monkey. The howler monkey closely misses you.
You closely miss the howler monkey.
You feel sick.
Your ice beast hits the howler monkey.
Your ice beast freezes the howler monkey!
The howler monkey dies!
Cheibriados appreciates the change of pace.
Your Spellcasting skill increases to level 6!
You feel sick.
You see here a howler monkey corpse.
You butcher the howler monkey corpse.
You feel sick.
You see here 2 chunks of flesh.
Q - 2 chunks of flesh Your icy armour evaporates.
You feel sick.
You feel sick.
There is a stone staircase leading down here.
You climb downwards.
Your summoned ally is left behind.
You hear the roar of battle.
There is an entrance to a bailey on this level.
Hurry and find it before the portal closes forever!
You feel sick. The orc hits you with a trident.
There is a stone staircase leading up, spattered with blood here.
Unknown command.
You barely miss the orc.
You feel sick.
The water moccasin hisses angrily.
The orc misses you.
The orc wizard mumbles some strange words.
The orc wizard flickers and vanishes!
The water moccasin bites you. The orc closely misses you.
You climb upwards.
You feel sick.
There is a stone staircase leading down here.
Unknown command.
Casting: Summon Ice Beast
Confirm with . or Enter, or press ? or * to list all spells.
A chill wind blows around you.
The water moccasin completely misses you.
The orc completely misses you.
You feel sick. The water moccasin bites you. The orc barely misses you.
You hit the water moccasin.
The water moccasin is lightly wounded.
The water moccasin bites you.
The orc hits you from afar with a trident.
Your ice beast closely misses the orc.
The water moccasin bites you.
* * * LOW HITPOINT WARNING * * *
You hit the water moccasin but do no damage.
The water moccasin is poisoned.
Your bite misses the water moccasin.
The water moccasin is lightly wounded.
You feel sick. The water moccasin bites you!
* * * LOW HITPOINT WARNING * * *
Your ice beast hits the orc.
Your ice beast freezes the orc.
The orc dies!
Cheibriados appreciates the change of pace.
Cheibriados raises the support of your attributes as your movement slows.
You closely miss the water moccasin.
The water moccasin is lightly wounded.
The water moccasin bites you!
* * * LOW HITPOINT WARNING * * *
Casting: Summon Ice Beast
Confirm with . or Enter, or press ? or * to list all spells.
Aiming: Freeze
Press: ? - help, Shift-Dir - straight line, f - water moccasin
Aim: a water moccasin (lightly wounded, poisoned)
You freeze the water moccasin.
The water moccasin is heavily wounded.
The water moccasin bites you!
You die...

###### .#######....#
##.......)Y@..#
#####....######S...#
........# #..####
........# #.#######
......#.## #.# #...#
.........## #.# #...#
......#...####.# #...#
......#.#...##.# #...#
...............###...#


You could see a water moccasin and a friendly ice beast.

Vanquished Creatures
  Sigmund (D:2)
  Edmund (D:5)
  A sky beast (D:5)
  2 ogres
  A centaur (D:6)
  A scorpion (D:6)
  A centaur zombie (D:5)
  An orc wizard (D:4)
  3 orc priests
  Ijyb (D:3)
  Terence (D:2)
  2 worker ants
  A hound skeleton (D:4)
  8 adders
  A shadow imp (D:6)
  2 oozes
  3 worms
  A dart slug (D:1)
  4 leopard geckos
  7 orcs
  A giant cockroach (D:1)
  8 goblins
  5 hobgoblins
  2 jackals (D:2)
  2 kobolds
  3 ball pythons (D:1)
  4 bats
  6 frilled lizards
  7 rats
81 creatures vanquished.

Vanquished Creatures (collateral kills)
  A scorpion (D:6)
  A howler monkey (D:6)
  2 orc wizards
  An orc (D:6)
  A goblin (D:3)
  A jackal (D:4)
  A quokka (D:4)
8 creatures vanquished.

Grand Total: 89 creatures vanquished

Notes
Turn   | Place    | Note
-------+----------+-------------------------------------------
     0 | D:1      | tidbits the Gnoll Ice Elementalist began the quest for the Orb.
     0 | D:1      | Reached XP level 1. HP: 13/13 MP: 6/6
    80 | D:1      | Reached skill level 2 in Conjurations
    81 | D:1      | Reached XP level 2. HP: 13/19 MP: 2/7
   122 | D:2      | Noticed Sigmund
   258 | D:2      | HP: 2/20 [Sigmund/scythe (17)]
   261 | D:2      | Killed Sigmund
   261 | D:2      | Reached skill level 1 in Fighting
   261 | D:2      | Reached skill level 1 in Short Blades
   261 | D:2      | Reached skill level 1 in Long Blades
   261 | D:2      | Reached skill level 1 in Axes
   261 | D:2      | Reached skill level 1 in Maces & Flails
   261 | D:2      | Reached skill level 1 in Polearms
   261 | D:2      | Reached skill level 1 in Staves
   261 | D:2      | Reached skill level 1 in Slings
   261 | D:2      | Reached skill level 1 in Bows
   261 | D:2      | Reached skill level 1 in Crossbows
   261 | D:2      | Reached skill level 1 in Throwing
   261 | D:2      | Reached skill level 1 in Armour
   261 | D:2      | Reached skill level 1 in Shields
   261 | D:2      | Reached skill level 1 in Unarmed Combat
   261 | D:2      | Reached skill level 5 in Spellcasting
   261 | D:2      | Reached skill level 1 in Hexes
   261 | D:2      | Reached skill level 1 in Charms
   261 | D:2      | Reached skill level 1 in Summonings
   261 | D:2      | Reached skill level 1 in Necromancy
   261 | D:2      | Reached skill level 1 in Translocations
   261 | D:2      | Reached skill level 1 in Transmutations
   261 | D:2      | Reached skill level 1 in Fire Magic
   261 | D:2      | Reached skill level 1 in Air Magic
   261 | D:2      | Reached skill level 1 in Earth Magic
   261 | D:2      | Reached skill level 1 in Poison Magic
   261 | D:2      | Reached skill level 1 in Invocations
   261 | D:2      | Reached skill level 1 in Evocations
   261 | D:2      | Reached XP level 3. HP: 3/26 MP: 3/9
   261 | D:2      | Reached XP level 4. HP: 4/32 MP: 3/11
   261 | D:2      | Reached XP level 5. HP: 5/37 MP: 3/12
   276 | D:2      | Learned a level 2 spell: Throw Frost
   280 | D:2      | Learned a level 3 spell: Ozocubu's Armour
   285 | D:2      | Learned a level 4 spell: Summon Ice Beast
   422 | D:2      | Noticed Terence
   426 | D:2      | Killed Terence
   426 | D:2      | Reached XP level 6. HP: 27/44 MP: 8/13
   466 | D:1      | Reached skill level 2 in Invocations
   709 | D:4      | Found a staircase to the Ecumenical Temple.
   722 | Temple   | Entered the Ecumenical Temple
   761 | Temple   | Became a worshipper of Cheibriados the Contemplative
   847 | D:3      | Found a glowing silver altar of Zin.
   852 | D:3      | Found an ornate altar of the Wu Jian Council.
   852 | D:3      | Found a white marble altar of Elyvilon.
   915 | D:4      | Noticed Lucio's ghost (amateur DrFE)
   930 | D:5      | Entered Level 5 of the Dungeon
   949 | D:5      | Reached skill level 5 in Dodging
   953 | D:5      | Reached skill level 2 in Fighting
   953 | D:5      | Reached skill level 2 in Short Blades
   953 | D:5      | Reached skill level 2 in Long Blades
   953 | D:5      | Reached skill level 2 in Axes
   953 | D:5      | Reached skill level 2 in Maces & Flails
   953 | D:5      | Reached skill level 2 in Polearms
   953 | D:5      | Reached skill level 2 in Staves
   953 | D:5      | Reached skill level 2 in Slings
   953 | D:5      | Reached skill level 2 in Bows
   953 | D:5      | Reached skill level 2 in Crossbows
   953 | D:5      | Reached skill level 2 in Throwing
   953 | D:5      | Reached skill level 2 in Armour
   953 | D:5      | Reached skill level 2 in Shields
   953 | D:5      | Reached skill level 2 in Unarmed Combat
   953 | D:5      | Reached skill level 2 in Evocations
  1051 | D:6      | Reached XP level 7. HP: 37/50 MP: 10/15
  1132 | D:5      | Found a shattered altar of Ashenzari.
  1160 | D:5      | Noticed Edmund
  1185 | D:5      | Killed Edmund
  1185 | D:5      | Reached skill level 2 in Hexes
  1185 | D:5      | Reached skill level 2 in Charms
  1185 | D:5      | Reached skill level 2 in Summonings
  1185 | D:5      | Reached skill level 2 in Necromancy
  1185 | D:5      | Reached skill level 2 in Translocations
  1185 | D:5      | Reached skill level 2 in Transmutations
  1185 | D:5      | Reached skill level 2 in Fire Magic
  1185 | D:5      | Reached skill level 2 in Air Magic
  1185 | D:5      | Reached skill level 2 in Earth Magic
  1185 | D:5      | Reached skill level 2 in Poison Magic
  1211 | D:4      | Noticed Duvessa
  1220 | D:4      | Learned a level 1 spell: Apportation
  1275 | D:3      | Noticed Ijyb
  1286 | D:3      | Killed Ijyb
  1286 | D:3      | Reached skill level 3 in Conjurations
  1289 | D:3      | Reached * piety under Cheibriados
  1413 | D:4      | Reached skill level 5 in Stealth
  1436 | D:4      | Found a burning altar of Makhleb.
  1468 | D:5      | Reached skill level 3 in Invocations
  1477 | D:5      | Found an ancient bone altar of Kikubaaqudgha.
  1522 | D:5      | Reached XP level 8. HP: 49/57 MP: 10/16
  1589 | D:6      | Reached skill level 6 in Ice Magic
  1605 | D:6      | Reached skill level 3 in Fighting
  1605 | D:6      | Reached skill level 3 in Short Blades
  1605 | D:6      | Reached skill level 3 in Long Blades
  1605 | D:6      | Reached skill level 3 in Axes
  1605 | D:6      | Reached skill level 3 in Maces & Flails
  1605 | D:6      | Reached skill level 3 in Polearms
  1605 | D:6      | Reached skill level 3 in Staves
  1605 | D:6      | Reached skill level 3 in Slings
  1605 | D:6      | Reached skill level 3 in Bows
  1605 | D:6      | Reached skill level 3 in Crossbows
  1605 | D:6      | Reached skill level 3 in Throwing
  1605 | D:6      | Reached skill level 3 in Armour
  1605 | D:6      | Reached skill level 3 in Shields
  1605 | D:6      | Reached skill level 3 in Unarmed Combat
  1605 | D:6      | Reached skill level 3 in Evocations
  1653 | D:6      | Reached skill level 6 in Spellcasting
  1666 | D:6      | Reached ** piety under Cheibriados
  1668 | D:6      | Slain by a water moccasin

Skill      XL: |  1  2  3  4  5  6  7  8 |
---------------+-------------------------+-----
Conjurations   | 2 3 |  3.4
Fighting       | 1 2 3 |  3.1
Short Blades   | 1 2 3 |  3.1
Long Blades    | 1 2 3 |  3.1
Axes           | 1 2 3 |  3.1
Maces & Flails | 1 2 3 |  3.1
Polearms       | 1 2 3 |  3.1
Staves         | 1 2 3 |  3.1
Slings         | 1 2 3 |  3.1
Bows           | 1 2 3 |  3.1
Crossbows      | 1 2 3 |  3.1
Throwing       | 1 2 3 |  3.1
Armour         | 1 2 3 |  3.1
Shields        | 1 2 3 |  3.1
Unarmed Combat | 1 2 3 |  3.1
Spellcasting   | 5 6 |  6.0
Hexes          | 1 2 |  2.5
Charms         | 1 2 |  2.5
Summonings     | 1 2 |  2.5
Necromancy     | 1 2 |  2.5
Translocations | 1 2 |  2.5
Transmutations | 1 2 |  2.5
Fire Magic     | 1 2 |  2.5
Air Magic      | 1 2 |  2.5
Earth Magic    | 1 2 |  2.5
Poison Magic   | 1 2 |  2.5
Invocations    | 1 2 3 |  3.4
Evocations     | 1 2 3 |  3.1
Dodging        | 5 |  5.6
Stealth        | 5 |  5.3
Ice Magic      | 6 |  6.1

Action                   |  1- 3 |  4- 6 |  7- 9 || total
-------------------------+-------+-------+-------++-------
Melee: Unarmed           |     7 |       |       ||     7
       Dagger            |     2 |    27 |    36 ||    65
       Bite              |       |     2 |     3 ||     5
       Punch             |       |     1 |     2 ||     3
       Flail             |       |       |    15 ||    15
       Rapier            |       |       |     7 ||     7
Throw: Tomahawk          |       |     1 |       ||     1
 Cast: Freeze            |    24 |    46 |    35 ||   105
       Ozocubu's Armour  |       |     2 |     6 ||     8
       Summon Ice Beast  |       |     1 |     6 ||     7
Evoke: Wand              |       |       |     1 ||     1
  Use: Scroll            |       |     4 |       ||     4
 Stab: Sleeping          |     7 |     8 |     4 ||    19
  Eat: Chunk             |       |       |     3 ||     3
Armor: Robe              |     3 |     7 |    21 ||    31
Dodge: Dodged            |    19 |    30 |    72 ||   121

Table legend:
 A = Turns spent in this place as a percentage of turns spent in the entire game.
 B = Non-inter-level travel turns spent in this place as a percentage of non-inter-level travel turns spent in the entire game.
 C = Inter-level travel turns spent in this place as a percentage of turns spent in this place.
 D = Turns resting spent in this place as a percentage of non-inter-level travel turns spent in this place.
 E = Turns spent auto-exploring this place as a percentage of non-inter-level travel turns spent in this place.
 F = Non-inter-level travel turns spent in this place divided by the number of levels of this place that you've seen.
                   A       B       C       D       E      F
               +-------+-------+-------+-------+-------+----------------------
         Total | 100.0 | 100.0 |   1.9 |   0.0 |   0.0 | 204.6
       Dungeon |  96.9 |  97.5 |   1.2 |   0.0 |   0.0 | 228.0
        Temple |   3.1 |   2.5 |  21.2 |   0.0 |   0.0 |  41.0
               +-------+-------+-------+-------+-------+----------------------

Table legend:
 A = Kills in this place as a percentage of kills in entire the game.
 B = Kills by you in this place as a percentage of kills by you in the entire game.
 C = Kills by friends in this place as a percentage of kills by friends in the entire game.
 D = Other kills in this place as a percentage of other kills in the entire game.
 E = Experience gained in this place as a percentage of experience gained in the entire game.
 F = Experience gained in this place divided by the number of levels of this place that you have seen.
                   A       B       C       D       E      F
               +-------+-------+-------+-------+-------+----------------------
         Total | 100.0 | 100.0 | 100.0 |   N/A | 100.0 | 201.2
       Dungeon | 100.0 | 100.0 | 100.0 |   N/A | 100.0 | 230.0
               +-------+-------+-------+-------+-------+----------------------

Vault maps used:
D:1:      onia_arrival_handbag
D:2:      uniq_jessica, uniq_terence, uniq_sigmund
D:3:      kennysheep_the_goblin_king, lemuel_coloured_pillars_altar,
          grunt_temple_overflow_open, chequers_ecumenical_altar_simple,
          serial_bayou_lagoon_b
D:4:      minmay_temple_entry_water_ring, first_ration, lemuel_statue_altar,
          uniq_duvessa, uniq_crazy_yiuf_cottage
D:5:      nicolae_overflow_hidden_temple, lemuel_crystal_altar,
          lemuel_crystal_altar, uniq_edmund
D:6:      dancing_weapons_uskayaw
D:7:      xom_confusion_cloud, enter_bailey_2, serial_shops, kennysheep_mini
Temple:   nicolae_temple_god_jail
